 Dungeon Crawl Stone Soup version 0.29.0-5-ge4962eb29e (webtiles) character file.

Game seed: 157079392217654117

18 SensoryNuts the Trooper (level 2, -1/27 HPs)
             Began as a Hill Orc Fighter on Aug 28, 2022.
             Killed from afar by an orc wizard (7 damage)
             ... with a magic dart
             ... on level 2 of the Dungeon.
             The game lasted 00:00:42 (1212 turns).

SensoryNuts the Trooper (Hill Orc Fighter)          Turns: 1212, Time: 00:00:42

Health: -1/27      AC:  6    Str: 18    XL:     2   Next: 70%
Magic:  2/2        EV:  9    Int:  8    God:
Gold:   44         SH:  4    Dex: 10    Spells: 1/1 levels left

rFire   . . .      SeeInvis .   a - +0 war axe
rCold   . . .      Faith    .   c - +0 buckler
rNeg    . . .      Spirit   .   b - +0 scale mail
rPois   .          Reflect  .   (no helmet)
rElec   .          Harm     .   (no cloak)
rCorr   .          Rampage  .   (no gloves)
Will    .....                   (no boots)
Stlth   ..........              (no amulet)
HPRegen 0.09/turn               (no ring)
MPRegen 0.08/turn               (no ring)

@: weak-willed
A: no striking features
a: no special abilities


You were on level 2 of the Dungeon.
You visited 1 branch of the dungeon, and saw 2 of its levels.

You collected 44 gold pieces.

Inventory:

Hand Weapons
 a - a +0 war axe (weapon)
Armour
 b - a +0 scale mail (worn)
 c - a +0 buckler (worn)
 e - a +0 pair of gloves
Potions
 d - a potion of might
 f - a potion of degeneration {unknown}
 j - a potion of heal wounds {unknown}
 k - a potion of mutation {unknown}
 l - a potion of curing {unknown}


   Skills:
 + Level 3.8 Fighting
 * Level 3.4 Axes
 + Level 3.6 Armour
 + Level 3.4 Shields


You had one spell level left.
You didn't know any spells.
Your spell library was empty.

Dungeon Overview and Level Annotations

Branches:
Dungeon (2/15)

Altars:

Shops:
D:1 ?


Message History

You barely miss the endoplasm.
The endoplasm is severely wounded.
You closely miss the orc wizard.
The orc wizard points at you and mumbles some strange words.
The puff of flame misses you.
The endoplasm jiggles.
The endoplasm hits you but does no damage.
You block the orc's attack.
You hit the endoplasm.
You kill the endoplasm!
You closely miss the orc wizard. You block the orc wizard's attack.
The orc hits you from afar with a +0 trident.
The orc wizard hits you but does no damage.
The orc hits you from afar with a +0 trident.
You block the orc's attack.
You barely miss the orc wizard. You slash the orc!
You kill the orc!
The orc misses you.
The orc wizard hits you but does no damage.
Unknown command.
You closely miss the orc wizard. The orc wizard barely misses you.
The orc hits you from afar with a +0 trident!
Unknown command.
Unknown command.
You are too injured to fight recklessly!
Unknown command.
You are too injured to fight recklessly!
Unknown command.
You are too injured to fight recklessly!
You closely miss the orc wizard.
The orc wizard mumbles some strange words.
The orc wizard flickers and vanishes!
Deactivating autopickup; reactivate with Ctrl-A.
The orc hits you but does no damage.
The orc hits you from afar with a +0 trident.
* * * LOW HITPOINT WARNING * * *
You hear some strange, mumbled words.
A magic dart appears from out of thin air!
The magic dart hits you!
You die...

#### ... #
..## #.
...###
#..##....#
#......#.#
##...#.#
#..o{@<#
#....#)#.#
### )..#.#
#.....#
####..#
#..# ...#
...#


You could see an orc.

Vanquished Creatures
  A dart slug (D:1)
  An orc (D:2)
  4 ball pythons (D:1)
  3 endoplasms
  2 goblins (D:1)
  A hobgoblin (D:1)
  A rat (D:1)
13 creatures vanquished.

Notes
Turn   | Place    | Note
-------+----------+-------------------------------------------
     0 | D:1      | SensoryNuts the Hill Orc Fighter began the quest for the
                  | Orb.
     0 | D:1      | Reached XP level 1. HP: 19/19 MP: 1/1
   360 | D:1      | Found Oxzuismi's Magic Scroll Emporium.
   406 | D:1      | Reached XP level 2. HP: 17/27 MP: 2/2
   696 | D:1      | Found a faded altar of an unknown god.
  1212 | D:2      | Killed from afar by an orc wizard

Illustrated notes

Levels and vault maps discovered:
D:1:      amcnicky_arrival_flooded_fountain, layout_loops_corners,
          shapermc_ecumenical_altar_pompeii, serial_shops, nicolae_shop_trees
D:2:      kennysheep_the_goblin_king, layout_basic, serial_shops,
          nicolae_lakefront_shop

Skill      XL: |  1 |
---------------+----+-----
Axes           | 3 |  3.4
Fighting       | |  3.8
Armour         | |  3.6
Shields        | |  3.4

Action                   || total
-------------------------++-------
Melee: War axe           ||    46
  Use: Scroll            ||     3
Armor: Scale mail        ||    22
Dodge: Dodged            ||    25
Block: Buckler           ||    15
